PCL
VANCOUVER VIPERS @ TEXARKANA BEARS
08/14/2027
 
TOP OF THE 1ST
Vancouver Vipers batting - Pitching for Texarkana Bears : RHP Alberto Márquez
Pitching: RHP Alberto Márquez
Batting: RHB Miguel Palácios 0-0: Swinging Strike
0-1: Ball
1-1: Swinging Strike
1-2: Strikes out looking
Batting: LHB Dave Gray 0-0: Ball
1-0: Ground out 3-1 (Groundball, 34)
Batting: LHB Larry Howard 0-0: Ball
1-0: Ball
2-0: Ball
3-0: Called Strike
3-1: Base on Balls
Batting: LHB Bob Ware 0-0: Called Strike
0-1: Ball
1-1: Ball
2-1: Ball
3-1: Base on Balls
Larry Howard to second
Batting: RHB Lorenzo González 0-0: DOUBLE (Flyball, 9LD)
Larry Howard scores
Bob Ware to third
Runner from 3rd tries for Home, SAFE, no throw
Batting: LHB Mike Williams 0-0: Ball
1-0: Ground out 1-3 (Groundball, 15S)
Top of the 1st over - 2 run(s), 1 hit(s), 0 error(s), 1 left on base; Vancouver 2 - Texarkana 0
BOTTOM OF THE 1ST
Texarkana Bears batting - Pitching for Vancouver Vipers : RHP Tom Wallace
Pitching: RHP Tom Wallace
Batting: RHB Tony Reyes 0-0: Ball
1-0: Ball
2-0: DOUBLE (Line Drive, 7LD)
Batting: LHB Sam Barnes 0-0: Ground out U3 (Groundball, 3L)
Tony Reyes to third
Batting: RHB Keith Ford 0-0: Called Strike
0-1: Ball
1-1: Ball
2-1: Ground out 4-3 (Groundball, 4)
Tony Reyes scores
Batting: RHB Taki Chikafuji 0-0: Ball
1-0: Ball
2-0: Swinging Strike
2-1: Ball
3-1: Base on Balls
Batting: RHB Billy Campbell 0-0: Foul Ball, location: 2F
0-1: Ball
1-1: Called Strike
1-2: Foul Ball, location: 2F
1-2: Ball
2-2: Foul Ball, location: 2F
2-2: Fly out, F7 (Flyball, 7S)
Bottom of the 1st over - 1 run(s), 1 hit(s), 0 error(s), 1 left on base; Vancouver 2 - Texarkana 1
TOP OF THE 2ND
Vancouver Vipers batting - Pitching for Texarkana Bears : RHP Alberto Márquez
Batting: RHB Jesús Gonzáles 0-0: Ball
1-0: Foul Ball, location: 2F
1-1: Swinging Strike
1-2: Foul Ball, location: 2F
1-2: Ball
2-2: Strikes out swinging
Batting: RHB Víctor Arredondo 0-0: Ground out 5-3 (Groundball, 5D)
Batting: RHB Ryan Parrish 0-0: Called Strike
0-1: Ground out 6-3 (Groundball, 6M)
Top of the 2nd over - 0 run(s), 0 hit(s), 0 error(s), 0 left on base; Vancouver 2 - Texarkana 1
BOTTOM OF THE 2ND
Texarkana Bears batting - Pitching for Vancouver Vipers : RHP Tom Wallace
Batting: RHB Alberto Velásquez 0-0: Fly out, F4 (Popup, 4D)
Batting: RHB Arturo Rodríguez 0-0: Called Strike
0-1: Swinging Strike
0-2: Ground out 4-3 (Groundball, 4)
Batting: LHB Mark Thomas 0-0: Called Strike
0-1: Ball
1-1: Ball
2-1: Called Strike
2-2: Foul Ball, location: 2F
2-2: SINGLE (Groundball, 4MD)
Batting: RHB Steve Garneys 0-0: Ground out 4-3 (Groundball, 34D)
Bottom of the 2nd over - 0 run(s), 1 hit(s), 0 error(s), 1 left on base; Vancouver 2 - Texarkana 1
TOP OF THE 3RD
Vancouver Vipers batting - Pitching for Texarkana Bears : RHP Alberto Márquez
Batting: RHB Miguel Palácios 0-0: Called Strike
0-1: Ball
1-1: Fly out, F8 (Flyball, 8LXD)
Batting: LHB Dave Gray 0-0: Called Strike
0-1: Ball
1-1: Swinging Strike
1-2: Foul Ball, location: 2F
1-2: SINGLE (Groundball, 34D)
Batting: LHB Larry Howard 0-0: Ball
1-0: Called Strike
1-1: Called Strike
1-2: Grounds into double play, 6-4-3 (Groundball, 6)
Top of the 3rd over - 0 run(s), 1 hit(s), 0 error(s), 0 left on base; Vancouver 2 - Texarkana 1
BOTTOM OF THE 3RD
Texarkana Bears batting - Pitching for Vancouver Vipers : RHP Tom Wallace
Batting: RHB Tony Reyes 0-0: Called Strike
0-1: Fly out, F9 (Line Drive, 9S)
Batting: LHB Sam Barnes 0-0: Ball
1-0: Ball
2-0: Ground out 1-3 (Groundball, 13)
Batting: RHB Keith Ford 0-0: Ball
1-0: Ball
2-0: Ball
3-0: Called Strike
3-1: Swinging Strike
3-2: Foul Ball, location: 2F
3-2: Base on Balls
Batting: RHB Taki Chikafuji 0-0: Called Strike
0-1: Ball
1-1: Called Strike
1-2: Ball
2-2: Ball
3-2: Foul Ball, location: 2F
3-2: Foul Ball, location: 2F
3-2: Foul Ball, location: 2F
3-2: Ground out 5-3 (Groundball, 56S)
Bottom of the 3rd over - 0 run(s), 0 hit(s), 0 error(s), 1 left on base; Vancouver 2 - Texarkana 1
TOP OF THE 4TH
Vancouver Vipers batting - Pitching for Texarkana Bears : RHP Alberto Márquez
Batting: LHB Bob Ware 0-0: Ball
1-0: Ball
2-0: DOUBLE (Line Drive, 9LM)
Batting: RHB Lorenzo González 0-0: Ball
1-0: 2-RUN HOME RUN (Flyball, 8LXD) (Inside the Park)
Batting: LHB Mike Williams 0-0: Called Strike
0-1: Ball
1-1: Foul Ball, location: 2F
1-2: Ground out U3 (Groundball, 3D)
Batting: RHB Jesús Gonzáles 0-0: Swinging Strike
0-1: Ball
1-1: Foul Ball, location: 2F
1-2: Ball
2-2: Ball
3-2: Ground out 1-3 (Groundball, 13)
Batting: RHB Víctor Arredondo 0-0: Called Strike
0-1: Ball
1-1: Ball
2-1: Foul Ball, location: 2F
2-2: Foul Ball, location: 2F
2-2: Ball
3-2: Fly out, F8 (Flyball, 8LS)
Top of the 4th over - 2 run(s), 2 hit(s), 0 error(s), 0 left on base; Vancouver 4 - Texarkana 1
BOTTOM OF THE 4TH
Texarkana Bears batting - Pitching for Vancouver Vipers : RHP Tom Wallace
Batting: RHB Billy Campbell 0-0: Ball
1-0: Ball
2-0: Called Strike
2-1: Fly out, F8 (Flyball, 8RD)
Batting: RHB Alberto Velásquez 0-0: Fly out, F8 (Flyball, 8RM)
Batting: RHB Arturo Rodríguez 0-0: Ball
1-0: DOUBLE (Flyball, 9)
Batting: LHB Mark Thomas 0-0: Ball
1-0: Ball
2-0: Foul Ball, location: 2F
2-1: Foul Ball, location: 2F
2-2: Foul Ball, location: 2F
2-2: Foul Ball, location: 2F
2-2: Ball
3-2: DOUBLE (Line Drive, 9LM)
Arturo Rodríguez scores
Batting: RHB Steve Garneys 0-0: Foul Ball, location: 2F
0-1: Ball
1-1: Ground out 4-3 (Groundball, 4)
Bottom of the 4th over - 1 run(s), 2 hit(s), 0 error(s), 1 left on base; Vancouver 4 - Texarkana 2
TOP OF THE 5TH
Vancouver Vipers batting - Pitching for Texarkana Bears : RHP Alberto Márquez
Batting: RHB Ryan Parrish 0-0: Swinging Strike
0-1: Foul Ball, location: 2F
0-2: Ball
1-2: Strikes out looking
Batting: RHB Miguel Palácios 0-0: Called Strike
0-1: DOUBLE (Flyball, 7D)
Batting: LHB Dave Gray 0-0: Ball
1-0: Called Strike
1-1: Fly out, F7 (Line Drive, 78M)
Batting: LHB Larry Howard 0-0: Ball
1-0: Called Strike
1-1: Reached on error, E4 (Groundball, 4M)
Miguel Palácios scores
Batting: LHB Bob Ware 0-0: Swinging Strike
0-1: Ground out 6-3 (Groundball, 6)
Top of the 5th over - 1 run(s), 1 hit(s), 1 error(s), 1 left on base; Vancouver 5 - Texarkana 2
BOTTOM OF THE 5TH
Texarkana Bears batting - Pitching for Vancouver Vipers : RHP Tom Wallace
Batting: RHB Tony Reyes 0-0: Foul Ball, location: 2F
0-1: Ball
1-1: Ball
2-1: Foul Ball, location: 2F
2-2: Foul Ball, location: 2F
2-2: Fly out, F8 (Flyball, 8LD)
Batting: LHB Sam Barnes 0-0: Called Strike
0-1: Swinging Strike
0-2: Ball
1-2: Strikes out looking
Batting: RHB Keith Ford 0-0: Ball
1-0: Ball
2-0: Fly out, F7 (Flyball, 78S)
Bottom of the 5th over - 0 run(s), 0 hit(s), 0 error(s), 0 left on base; Vancouver 5 - Texarkana 2
TOP OF THE 6TH
Vancouver Vipers batting - Pitching for Texarkana Bears : RHP Alberto Márquez
Batting: RHB Lorenzo González 0-0: Ball
1-0: Foul Ball, location: 2F
1-1: Foul Ball, location: 2F
1-2: SINGLE (Groundball, 6MD)
Batting: LHB Mike Williams 0-0: Swinging Strike
0-1: Ball
1-1: Swinging Strike
1-2: Ball
2-2: Foul Ball, location: 2F
2-2: Strikes out swinging
Batting: RHB Jesús Gonzáles 0-0: Foul Ball, location: 2F
0-1: Foul Ball, location: 2F
0-2: Strikes out swinging
Batting: RHB Víctor Arredondo 0-0: Ball
Passed Ball!
Lorenzo González to second
1-0: Foul Ball, location: 2F
1-1: Fly out, F7 (Flyball, 7)
Top of the 6th over - 0 run(s), 1 hit(s), 0 error(s), 1 left on base; Vancouver 5 - Texarkana 2
BOTTOM OF THE 6TH
Texarkana Bears batting - Pitching for Vancouver Vipers : RHP Tom Wallace
Batting: RHB Taki Chikafuji 0-0: Ball
1-0: Called Strike
1-1: Foul Ball, location: 2F
1-2: Ball
2-2: Fly out, F8 (Flyball, 8LS)
Batting: RHB Billy Campbell 0-0: Foul Ball, location: 2F
0-1: Ball
1-1: Called Strike
1-2: Strikes out swinging
Batting: RHB Alberto Velásquez 0-0: Foul Ball, location: 2F
0-1: Ball
1-1: Swinging Strike
1-2: Foul Ball, location: 2F
1-2: Ball
2-2: Strikes out swinging
Bottom of the 6th over - 0 run(s), 0 hit(s), 0 error(s), 0 left on base; Vancouver 5 - Texarkana 2
TOP OF THE 7TH
Vancouver Vipers batting - Pitching for Texarkana Bears : RHP Alberto Márquez
Pitching: RHP Asher Zasko
Batting: RHB Ryan Parrish 0-0: DOUBLE (Popup, 4D)
Batting: RHB Miguel Palácios 0-0: Foul Ball, location: 2F
0-1: Ball
1-1: Swinging Strike
1-2: Ball
2-2: Ball
3-2: Base on Balls
Batting: LHB Dave Gray 0-0: Ball
1-0: Bunted foul
1-1: Ball
2-1: Ball
3-1: Sac Bunt - play at first, batter OUT! 5-4
Ryan Parrish to third
Miguel Palácios to second
Batting: LHB Larry Howard 0-0: Called Strike
0-1: Ball
1-1: Ball
2-1: Swinging Strike
2-2: Foul Ball, location: 2F
2-2: Ball
3-2: Reached on error, E8 (Flyball, 8RM)
Ryan Parrish scores
Miguel Palácios to third
Batting: LHB Bob Ware 0-0: Called Strike
0-1: Ball
1-1: Fly out, F5 (Popup, 56)
Batting: RHB Lorenzo González 0-0: Ball
1-0: Called Strike
1-1: Called Strike
1-2: Foul Ball, location: 2F
1-2: Strikes out swinging
Top of the 7th over - 1 run(s), 1 hit(s), 1 error(s), 2 left on base; Vancouver 6 - Texarkana 2
BOTTOM OF THE 7TH
Texarkana Bears batting - Pitching for Vancouver Vipers : RHP Tom Wallace
Batting: RHB Arturo Rodríguez 0-0: Ball
1-0: Called Strike
1-1: Ball
2-1: Ball
3-1: Fly out, F8 (Flyball, 78M)
Pitching: RHP Bob Martin
Batting: LHB Mark Thomas 0-0: Fly out, F9 (Flyball, 9S)
Batting: RHB Steve Garneys 0-0: Fly out, F8 (Flyball, 8RD)
Bottom of the 7th over - 0 run(s), 0 hit(s), 0 error(s), 0 left on base; Vancouver 6 - Texarkana 2
TOP OF THE 8TH
Vancouver Vipers batting - Pitching for Texarkana Bears : RHP Asher Zasko
Batting: LHB Mike Williams 0-0: Ball
1-0: Ball
2-0: Ball
3-0: Called Strike
3-1: Foul Ball, location: 2F
3-2: Foul Ball, location: 2F
3-2: Foul Ball, location: 2F
3-2: SINGLE (Groundball, 6MD)
Batting: RHB Jesús Gonzáles 0-0: Sac Bunt - play at first, batter OUT! 5-3
Mike Williams to second
Batting: RHB Víctor Arredondo 0-0: Intentional Walk
Batting: RHB Ryan Parrish 0-0: Ball
1-0: Called Strike
1-1: DOUBLE (Line Drive, 7LS)
Mike Williams scores
Víctor Arredondo to third
Batting: RHB Miguel Palácios 0-0: Fly out, F3 (Popup, 3S)
Batting: LHB Dave Gray 0-0: Swinging Strike
0-1: Ball
1-1: Ball
2-1: Foul Ball, location: 2F
2-2: Foul Ball, location: 2F
2-2: Ground out 4-3 (Groundball, 4)
Top of the 8th over - 1 run(s), 2 hit(s), 0 error(s), 2 left on base; Vancouver 7 - Texarkana 2
BOTTOM OF THE 8TH
Texarkana Bears batting - Pitching for Vancouver Vipers : RHP Bob Martin
Now at SS: Axel Guimont
Batting: RHB Tony Reyes 0-0: Called Strike
0-1: Ball
1-1: Ball
2-1: Ball
3-1: Called Strike
3-2: Strikes out swinging
Batting: LHB Sam Barnes 0-0: Ball
1-0: Ball
2-0: Foul Ball, location: 2F
2-1: Ball
3-1: Base on Balls
Batting: RHB Keith Ford 0-0: Called Strike
0-1: Ball
1-1: Foul Ball, location: 2F
1-2: Ball
2-2: Fly out, F7 (Flyball, 78M)
Batting: RHB Taki Chikafuji 0-0: Swinging Strike
0-1: Ball
1-1: Ball
2-1: Foul Ball, location: 2F
2-2: Strikes out swinging
Bottom of the 8th over - 0 run(s), 0 hit(s), 0 error(s), 1 left on base; Vancouver 7 - Texarkana 2
TOP OF THE 9TH
Vancouver Vipers batting - Pitching for Texarkana Bears : RHP Asher Zasko
Batting: LHB Larry Howard 0-0: Ground out 4-3 (Groundball, 4)
Batting: LHB Bob Ware 0-0: Ball
1-0: Ball
2-0: Ball
3-0: Base on Balls
Pitching: RHP Ángelo Gusmán
Batting: RHB Lorenzo González 0-0: Called Strike
0-1: Ball
Wild Pitch!
Bob Ware to second
1-1: Foul Ball, location: 2F
1-2: Strikes out swinging
Batting: LHB Mike Williams 0-0: Called Strike
0-1: Swinging Strike
0-2: Ground out 1-3 (Groundball, P)
Top of the 9th over - 0 run(s), 0 hit(s), 0 error(s), 1 left on base; Vancouver 7 - Texarkana 2
BOTTOM OF THE 9TH
Texarkana Bears batting - Pitching for Vancouver Vipers : RHP Bob Martin
Pitching: RHP Pedro Días
Batting: RHB Billy Campbell 0-0: Called Strike
0-1: Called Strike
0-2: Foul Ball, location: 2F
0-2: Ball
1-2: Strikes out swinging
Batting: RHB Alberto Velásquez 0-0: Foul Ball, location: 2F
0-1: Swinging Strike
0-2: Hit by Pitch
Batting: RHB Arturo Rodríguez 0-0: Called Strike
0-1: Foul Ball, location: 2F
0-2: Strikes out looking
Batting: LHB Mark Thomas 0-0: DOUBLE (Line Drive, 78M)
Alberto Velásquez to third
Runner from 3rd tries for Home, throw and OUT!
Bottom of the 9th over - 0 run(s), 1 hit(s), 0 error(s), 1 left on base; Vancouver 7 - Texarkana 2
Thursday, March 30th, 2017 - OOTP Baseball 17.12 Build 75